 Dungeon Crawl Stone Soup version 0.26.0-10-g1f06aea511 (webtiles) character file.

Game seed: 2417822433639432484

228 MisterFreud the Conjurer (level 5, -9/35 HPs)
             Began as a Demonspawn Conjurer on Jan 31, 2021.
             Mangled by Edmund
             ... wielding a +1 vorpal dire flail
              (13 damage)
             ... on level 4 of the Dungeon.
             The game lasted 00:04:21 (4098 turns).

MisterFreud the Conjurer (Demonspawn Conjurer)      Turns: 4098, Time: 00:04:21

Health: -9/35      AC:  3    Str:  8    XL:     5   Next: 70%
Magic:  0/10       EV: 12    Int: 20    God:
Gold:   169        SH:  0    Dex: 11    Spells: 10/11 levels left

rFire    . . .     SeeInvis .   h - +0 hand axe
rCold    . . .     Faith    .   (no shield)
rNeg     . . .     Spirit   .   a - +0 robe
rPois    .         Reflect  .   (helmet restricted)
rElec    .         Harm     .   (no cloak)
rCorr    .         Rampage  .   (no gloves)
Will     .....                  (no boots)
Stlth    ++........             (no amulet)
HPRegen  0.11/turn              (no ring)
MPRegen  0.12/turn              (no ring)

@: no status effects
A: horns 2, sharp scales 1
a: no special abilities


You were on level 4 of the Dungeon.
You visited 1 branch of the dungeon, and saw 4 of its levels.

You collected 169 gold pieces.

Inventory:

Hand Weapons
 h - a +0 hand axe (weapon)
Missiles
 g - 10 poisoned darts
Armour
 a - a +0 robe (worn)
Scrolls
 d - 2 scrolls of remove curse {unknown}
 j - a scroll of fear {unknown}
 k - 5 scrolls of identify {unknown}
 m - 2 scrolls of enchant armour {unknown}
Potions
 b - 2 potions of heal wounds {unknown}
 c - 2 potions of flight {unknown}
 e - a potion of might {unknown}
 f - a potion of degeneration {unknown}
 i - a potion of brilliance {unknown}
 l - 2 potions of curing {unknown}
 n - a potion of magic {unknown}
 o - a potion of ambrosia {unknown}
 p - a potion of haste {unknown}


   Skills:
 - Level 1.7 Dodging
 - Level 1.7 Stealth
 + Level 3.8 Spellcasting
 - Level 6.0 Conjurations


You had 10 spell levels left.
You knew the following spells:

 Your Spells              Type           Power        Failure   Level
a - Magic Dart            Conj           100%         1%          1

Your spell library contained the following spells:

 Spells                   Type           Power        Failure   Level
 Searing Ray              Conj           54%          1%          2
 Dazzling Flash           Conj/Hex       30%          12%         3
 Fulminant Prism          Conj/Hex       7%           36%         4
 Iskenderun's Mystic Bla  Conj/Tloc      15%          36%         4


Dungeon Overview and Level Annotations

Branches:
Dungeon (4/15)
 Temple: D:4-7

Altars:
Ashenzari
Cheibriados
Vehumet

Annotations:
D:4 Edmund


Innate Abilities, Weirdness & Mutations

You have a pair of horns on your head.
You are partially covered in razor-sharp scales. (AC +1, Slay +1)


Message History

Aiming: Magic Dart (safe; 1% risk of failure)
Press: ? - help, Shift-Dir - straight line, f/p - Edmund
Aim: Edmund, wielding a +1 vorpal dire flail and wearing a +0 ring mail (heavily wounded, 0% to evade)
The magic dart hits Edmund but does no damage.
Edmund is heavily wounded.
Edmund barely misses you.
Unknown command.
Unknown command.
You hit Edmund.
Edmund is severely wounded.
Edmund barely misses you.
You hit Edmund. You headbutt Edmund.
Edmund is severely wounded.
Edmund hits you with a +1 vorpal dire flail.
You closely miss Edmund.
Edmund is severely wounded.
Edmund hits you with a +1 vorpal dire flail!
* * * LOW HITPOINT WARNING * * *
x2 Edmund hits you with a +1 vorpal dire flail!
You die...

############
......@@...#
...........#
...........#
.......=...#
.....$.....#
...........#
####....._..
..........


You could see Edmund.

Vanquished Creatures
  An orc wizard (D:3)
  Jessica (D:3)
  Natasha (twice) (D:2)
  Robin (D:2)
  3 adders
  An ooze (D:2)
  4 dart slugs
  2 leopard geckos (D:1)
  5 orcs (D:3)
  3 giant cockroaches
  11 hobgoblins
  7 kobolds (D:1)
  A quokka (D:2)
  A ball python (D:3)
  8 bats
  3 frilled lizards
  10 goblins
  3 rats (D:1)
67 creatures vanquished.

Vanquished Creatures (others)
  7 toadstools (D:1)
7 creatures vanquished.

Grand Total: 74 creatures vanquished

Notes
Turn   | Place    | Note
-------+----------+-------------------------------------------
     0 | D:1      | MisterFreud the Demonspawn Conjurer began the quest for the
                  | Orb.
     0 | D:1      | Reached XP level 1. HP: 13/13 MP: 3/3
   220 | D:1      | Gained mutation: You are partially covered in razor-sharp
                  | scales. (AC +1, Slay +1) [demonic ancestry]
   220 | D:1      | Reached XP level 2. HP: 19/19 MP: 1/5
   813 | D:1      | Reached skill level 5 in Conjurations
   813 | D:1      | Gained mutation: You have a pair of small horns on your
                  | head. [demonic ancestry]
   813 | D:1      | Reached XP level 3. HP: 24/24 MP: 3/6
  1760 | D:2      | Found a snail-covered altar of Cheibriados.
  1975 | D:2      | Noticed Natasha
  1982 | D:2      | Killed Natasha
  1983 | D:2      | Reached XP level 4. HP: 10/30 MP: 2/7
  2502 | D:2      | Reached skill level 6 in Conjurations
  2502 | D:2      | Noticed Robin
  2576 | D:2      | Killed Robin
  2688 | D:2      | Noticed Natasha
  2695 | D:2      | Killed Natasha
  2696 | D:2      | Gained mutation: You have a pair of horns on your head.
                  | [demonic ancestry]
  2696 | D:2      | Reached XP level 5. HP: 29/35 MP: 0/9
  3344 | D:3      | Noticed Jessica
  3346 | D:3      | Killed Jessica
  3588 | D:3      | Found a broken altar of Ashenzari.
  4084 | D:4      | Found a radiant altar of Vehumet.
  4084 | D:4      | Noticed Edmund
  4098 | D:4      | Mangled by Edmund

Illustrated notes

Levels and vault maps discovered:
D:1:      nagdon_arrival_double_spiral, layout_basic, chequers_mini_garden
D:2:      layout_basic, old_standard_altar, guppyfry_early_lair_pool,
          uniq_robin, uniq_natasha
D:3:      layout_basic, old_standard_altar, uniq_jessica
D:4:      layout_gridville, grunt_temple_overflow_open,
          ebering_ghost_disaster_area, uniq_ijyb, uniq_edmund

Skill      XL: |  1  2  3  4  5 |
---------------+----------------+-----
Conjurations   | 5 6 |  6.0
Spellcasting   | 3 |  3.8
Dodging        | |  1.7
Stealth        | |  1.7

Action                   |  1- 3 |  4- 6 || total
-------------------------+-------+-------++-------
Melee: Hand axe          |       |    17 ||    17
       Headbutt          |       |     2 ||     2
 Cast: Magic Dart        |    90 |    71 ||   161
Armor: Robe              |     6 |     8 ||    14
Dodge: Dodged            |     9 |    15 ||    24
